Map: Galactic Process LE

Players

llllIIIlllII

  • Race: Zerg Zerg
  • League: Master

SortOf - Winner!

  • Race: Zerg Zerg
  • League: Master

VOD

Have the link to the VOD?

Description

Time

  • Played on: Oct. 26, 2016, 6 a.m.
  • Length: 5:15
Show
View Real Time Build Order
Export as new Build Order

llllIIIlllII Zerg 

Build Orders: Hatch First, Zergling Baneling 

Get SALT Encoding   

  12  0:00  Drone  
  13  0:08  Drone  
  14  0:17  Overlord  
  14  0:21  Extractor  
  14  0:24  Drone  
  15  0:35  Drone x2  
  17  0:44  Drone  
  18  0:57  Unknown, Hatchery  
  18  0:58  Extractor  
  18  1:00  Drone  
  17  1:14  Spawning Pool  
  17  1:17  Drone  
  17  1:21  Drone  
  18  1:26  Drone  
  19  1:37  Overlord  
  19  1:49  Drone  
  20  2:01  Metabolic Boost, Queen, Zergling x2  
  23  2:08  Unknown  
  23  2:09  Queen  
  23  2:10  Zergling x2  
  23  2:13  Drone  
  27  2:20  Drone x2  
  29  2:30  Drone  
  29  2:31  Drone  
  31  2:37  Baneling Nest  
  31  2:42  Overlord  
  30  2:58  Overlord  
  30  3:00  Zergling x4  
  30  3:02  Zergling x2  
  30  3:04  Zergling x2  
  34  3:11  Zergling x2  
  34  3:12  Zergling x4  
  37  3:13  Zergling x2  
  37  3:14  Overlord  
  37  3:18  Overlord  
  37  3:19  Zergling x4  
  40  3:23  Baneling x4  
  40  3:26  Zergling x2  
  41  3:28  Zergling x2  
  42  3:37  Zergling x4  
  42  3:40  Baneling x3  
  44  3:42  Zergling x2  
  44  3:44  Zergling x2  
  42  3:52  Zergling x2  
  42  3:53  Zergling x4  
  37  4:03  Zergling x4  
  37  4:04  Zergling x4  
  37  4:05  Zergling x2  
  37  4:09  Zergling x2  
  43  4:10  Baneling  
  43  4:11  Baneling  
  41  4:19  Drone  
  41  4:20  Drone  
  41  4:28  Drone  
  41  4:31  Drone  
  42  4:40  Drone  
  42  4:42  Drone  
  42  4:43  Drone x3  
  42  4:44  Extractor, Drone x2  
  49  4:45  Drone  
  49  4:47  Extractor  
  49  4:49  Drone  
  49  4:55  Drone  
  49  4:57  Spine Crawler  
Show
View Real Time Build Order
Export as new Build Order

SortOf Zerg - Winner!

Build Orders: Hatch First 

Get SALT Encoding   

  12  0:00  Drone  
  13  0:13  Overlord  
  13  0:17  Drone  
  14  0:31  Drone  
  14  0:32  Drone  
  16  0:37  Drone  
  17  0:52  Unknown, Hatchery  
  17  0:55  Drone  
  17  0:59  Drone  
  17  1:03  Extractor  
  17  1:15  Spawning Pool  
  17  1:17  Drone  
  17  1:20  Drone  
  18  1:28  Drone  
  19  1:39  Overlord  
  19  1:49  Drone  
  20  2:02  Queen  
  20  2:03  Unknown, Zergling x2  
  20  2:04  Queen  
  20  2:07  Drone  
  26  2:13  Metabolic Boost, Drone  
  27  2:16  Drone  
  28  2:23  Drone  
  28  2:26  Drone  
  30  2:34  Drone  
  31  2:40  Unknown, Hatchery  
  30  2:45  Zergling x4  
  32  2:51  Baneling Nest  
  32  2:55  Overlord  
  32  2:57  Drone  
  32  3:00  Drone  
  33  3:09  Drone x2  
  35  3:13  Drone x3  
  35  3:15  Drone  
  39  3:23  Drone  
  39  3:24  Zergling x4  
  42  3:28  Queen  
  42  3:32  Overlord  
  44  3:35  Baneling  
  44  3:36  Baneling  
  44  3:45  Evolution Chamber  
  42  3:52  Baneling, Unknown  
  42  3:53  Baneling  
  42  3:54  Zergling x12  
  47  3:57  Zergling x2  
  47  3:58  Baneling, Zergling x4  
  41  4:05  Drone x2  
  41  4:09  Zergling x2  
  43  4:16  Baneling x2  
  43  4:17  Drone x3  
  45  4:24  Drone  
  45  4:29  Drone x2  
  48  4:36  Drone x2  
  50  4:39  Drone  
  50  4:43  Drone x2  
  53  4:54  Drone x3  
  53  4:57  Roach Warren  
Tags
 
Add a new tag
Caveats
  • Supply blocks, unpowered buildings, or Contaminate may cause inaccurate times.
  • Supply counts are checked every 10 seconds.